 Dungeon Crawl Stone Soup version 0.28.0-45-g0d030f2227 (webtiles) character file.

Game seed: 17107132897273641721

56 psko the Conjurer (level 3, -2/16 HPs)
             Began as a Spriggan Conjurer on May 8, 2022.
             Slain by an adder (4 damage)
             ... on level 3 of the Dungeon.
             The game lasted 00:08:57 (2254 turns).

psko the Conjurer (Spriggan Conjurer)               Turns: 2254, Time: 00:08:58

Health: -2/16      AC:  2    Str:  3    XL:     3   Next: 71%
Magic:  1/8        EV: 17    Int: 21    God:
Gold:   32         SH:  0    Dex: 13    Spells: 5/8 levels left

rFire   . . .      SeeInvis +   b - +0 short sword
rCold   . . .      Faith    .   (no shield)
rNeg    . . .      Spirit   .   a - +0 robe
rPois   .          Reflect  .   (helmet restricted)
rElec   .          Harm     .   (no cloak)
rCorr   .          Rampage  .   (gloves unavailable)
Will    .....                   (boots unavailable)
Stlth   ++........              (no amulet)
HPRegen 0.05/turn               (no ring)
MPRegen 0.11/turn               (no ring)

@: very quick
A: very small, no large weapons, unfitting armour, see invisible, speed 3
a: no special abilities


You were on level 3 of the Dungeon.
You visited 1 branch of the dungeon, and saw 3 of its levels.

You collected 32 gold pieces.

Inventory:

Hand Weapons
 b - a +0 short sword (weapon)
Missiles
 c - 5 poisoned darts
Armour
 a - a +0 robe (worn)
Scrolls
 e - a scroll of fog {unknown}
 g - a scroll of brand weapon {unknown}
 i - a scroll of enchant armour {unknown}
Potions
 d - a potion of mutation {unknown}
 f - a potion of lignification {unknown}
 h - a potion of haste {unknown}


   Skills:
 + Level 0.1 Fighting
 + Level 3.1 Dodging
 + Level 3.1 Stealth
 + Level 3.4 Spellcasting
 + Level 3.6 Conjurations


You had 5 spell levels left.
You knew the following spells:

 Your Spells              Type           Power      Damage    Failure   Level
a - Magic Dart            Conj           76%        1d6       2%          1
b - Searing Ray           Conj           38%        2d5       4%          2

Your spell library contained the following spells:

 Spells                   Type           Power      Damage    Failure   Level
 Dazzling Flash           Conj/Hex       22%        N/A       19%         3
 Fulminant Prism          Conj/Hex       5%         3d7       52%         4
 Iskenderun's Mystic Bla  Conj/Tloc      11%        2d4       52%         4


Dungeon Overview and Level Annotations

Branches:
Dungeon (3/15)

Altars:

Annotations:
D:2 Robin


Innate Abilities, Weirdness & Mutations

You are very small and have problems with some larger weapons.
You are too small for most types of armour.
You have supernaturally acute eyesight. (SInv)
You cover ground extremely quickly. (Speed+++)


Message History

You hit the goblin.
The goblin is severely wounded.
The goblin hits you with a +0 dagger.
* * * LOW HITPOINT WARNING * * *
Robin misses you.
Unknown command.
The goblin closely misses you.
There is a stone staircase leading down here.
You can't go up here!
You can't go up here!
The goblin completely misses you.
You climb downwards.
You hear the sound of rushing water.
There is an entrance to a sewer on this level.
Hurry and find it before the portal rusts away!
You hear the slow rusting of a very distant drain.
Found a scroll labelled GOKHOS CEINT.
Found an escape hatch in the floor.
Found a stone staircase leading down.
There is a stone staircase leading up here.
The adder hisses angrily.
Casting: Searing Ray (safe; 4% risk of failure)
Confirm with . or Enter, or press ? or * to list all spells.
Aiming: Magic Dart (safe; 2% risk of failure)
Press: ? - help, Shift-Dir - straight line, f - goblin
Aim: a goblin, wielding a +0 dagger (severely wounded, 100% to hit)
The magic dart hits the goblin.
You kill the goblin!
Your magical contamination has completely faded away.
There is a stone staircase leading up here.
You see here a +0 dagger.
Casting: Magic Dart (safe; 2% risk of failure)
Confirm with . or Enter, or press ? or * to list all spells.
Aiming: Magic Dart (safe; 2% risk of failure)
Press: ? - help, Shift-Dir - straight line, f - adder
Aim: an adder (100% to hit)
The magic dart hits the adder.
The adder is lightly wounded.
Found a smoky white potion.
Found a stone staircase leading down.
The adder closely misses you. The adder bites you.
You die...

## ##. #... .#....
...... . #....###
... ..#....######.#
...
....#.<.......#....
..........@....#...#
#........S........##
#...................
#...................
#..###.............#
#.. #.....<..#.## #.
#.........#.#
.....?......># .
.....#......##


You could see an adder.

Vanquished Creatures
  An adder (D:2)
  A dart slug (D:1)
  4 endoplasms
  A giant cockroach (D:1)
  5 hobgoblins
  4 jackals (D:1)
  2 kobolds (D:1)
  2 quokkas
  3 ball pythons
  13 goblins
  2 rats (D:1)
38 creatures vanquished.

Notes
Turn   | Place    | Note
-------+----------+-------------------------------------------
     0 | D:1      | psko the Spriggan Conjurer began the quest for the Orb.
     0 | D:1      | Reached XP level 1. HP: 9/9 MP: 5/5
   228 | D:1      | Found a faded altar of an unknown god.
   400 | D:1      | Reached XP level 2. HP: 13/13 MP: 4/6
  1270 | D:1      | Learned a level 2 spell: Searing Ray
  1724 | D:2      | Reached XP level 3. HP: 16/16 MP: 0/8
  1899 | D:2      | Noticed Robin
  2254 | D:3      | Slain by an adder

Illustrated notes

Levels and vault maps discovered:
D:1:      dpeg_arrival_arbitrary_a, layout_basic, ebering_ecumenical_altar_mist
D:2:      minmay_diamond_boxcup, layout_rooms, basic_altar,
          minmay_misc_feat_tiny, uniq_robin
D:3:      layout_rooms, hangedman_ru_absence, portal_sewer_entry_e,
          chequers_avenue, uniq_terence

Skill      XL: |  1  2  3 |
---------------+----------+-----
Conjurations   | 3 |  3.6
Dodging        | 3 |  3.1
Spellcasting   | 3 |  3.4
Fighting       | |  0.1
Stealth        | |  3.1

Action                   || total
-------------------------++-------
Melee: Short sword       ||    41
 Cast: Magic Dart        ||    75
       Searing Ray       ||    11
Armor: Robe              ||     7
Dodge: Dodged            ||    51
